[Event "*** Titled Tuesday Blitz"]
[Site "Chess.com"]
[Date "2021.03.09"]
[Round "6"]
[White "Shubinkirill2003"]
[Black "AradNazari"]
[Result "1-0"]
[WhiteElo "2672"]
[BlackElo "2499"]
[TimeControl "180+1"]
[EndTime "11:07:00 PST"]
[Termination "Shubinkirill2003 won by resignation"]

1. e4 e6 2. d4 d5 3. Nc3 Bb4 4.
e5 Ne7 5. a3 Bxc3+ 6. bxc3 c5 7. Qg4 Qc7 8. Bd3 Nbc6 9. Nf3 cxd4 10. cxd4 Nb4 11. axb4 Qc3+ 12. Ke2 Qxa1 13. Qxg7 Rg8 14. Qf6 Qc3 15. Ng5 Rxg5 16. Bxg5 Qxb4 17. Rb1 Qa3 18. Rb3 1-0

[Event "*** Titled Tuesday Blitz"]
[Site "Chess.com"]
[Date "2021.03.09"]
[Round "6"]
[White "Kildepiotr"]
[Black "volkanyirik"]
[Result "1/2-1/2"]
[WhiteElo "2559"]
[BlackElo "2412"]
[TimeControl "180+1"]
[EndTime "11:07:08 PST"]
[Termination "Game drawn by repetition"]

1. Nf3 Nf6 2. g3 g6 3. Bg2 Bg7 4. O-O O-O 5. d4 d6 6. Nbd2 c5 7. dxc5 dxc5 8. e4 Nc6 9. c3 b6 10. Qe2 a5 11. a4 Ba6 12. Nc4 Ng4 13. Bf4 Nge5 14. Nfxe5 Nxe5 15. Bxe5 Bxe5 16. Rfd1 Qc7 17. f4 Bg7 18. e5 Rad8 19. Qe4 Bxc4 20. Qxc4 Rxd1+ 21. Rxd1 Rd8 22. Rd5 Rxd5 23. Qxd5 e6 24. Qa8+ Bf8 25.
Bc6 Kg7 26. Kf2 Be7 27. Ke2 f6 28. exf6+ Bxf6 29. Qe8 e5 30. Kf3 exf4 31. gxf4 g5 32.
fxg5 Bxg5 33. Qd7+ Qxd7 34. Bxd7 Bc1 35. b3 Bd2 36. c4 Kf6 37. Ke4 Kg5 38. Kd5 Bb4 39.
Kc6 h5 40. h3 h4 41. Kxb6 Kf4 42. Kb5 Kg3 43. Kb6 Kf4 44. Kb5 Kg3 45. Kb6 Kf4 1/2-1/2

[Event "*** Titled Tuesday Blitz"]
[Site "Chess.com"]
[Date "2021.03.09"]
[Round "6"]
[White "klimkoj"]
[Black "kuli4ik"]
[Result "0-1"]
[WhiteElo "2611"]
[BlackElo "2897"]
[TimeControl "180+1"]
[EndTime "11:07:22 PST"]
[Termination "kuli4ik won by resignation"]

1. e4 e6 2. d4 d5 3. Nc3 Be7 4. Nf3 Nf6 5. Bd3 c5 6. exd5 exd5 7. O-O c4 8. Be2 O-O 9. b3 Bb4 10. Bd2 Qa5 11. Nb1 c3 12. Be3 Re8 13. Ne5 Nc6 14. Nd3 Bd6 15. Bf3 Bf5 16. a3 Rac8 17. Nc1 h5 18. h3 Bb8 19. b4 Nxb4 20. Nb3 Qc7 21. g3 Nxc2 22. Ra2 Nxe3 23. fxe3 c2 0-1

[Event "*** Titled Tuesday Blitz"]
[Site "Chess.com"]
[Date "2021.03.09"]
[Round "6"]
[White "Alexandr_Kholin"]
[Black "tlomigtlis"]
[Result "1-0"]
[WhiteElo "2478"]
[BlackElo "2595"]
[TimeControl "180+1"]
[EndTime "11:07:26 PST"]
[Termination "Alexandr_Kholin won by checkmate"]

1. d4 Nf6 2. c4 g6 3. Nc3 d5 4. Nf3 Bg7 5. h4 O-O 6. cxd5 Nxd5 7. h5 c5 8. hxg6 hxg6 9. Bh6 cxd4 10. Bxg7 Nxc3 11.
Qxd4 f6 12. Bxf8 Nd5 13. Bh6 Nc6 14. Qh4 Bf5 15. Bd2 Kf7 16. e4 Ndb4 17. Qh7+ Ke6 18. exf5+ gxf5 19. Bc4+ Kd6 20. Bxb4+ Kc7 21. Bc3 Rc8 22.
Rd1 Qe8 23. Qxf5 e5 24. Rh7+ Kb6 25. Rdd7 Rb8 26. Qe6 Qg6 27. Qd5 Qb1+ 28. Ke2 e4 29. Qb5# 1-0

[Event "*** Titled Tuesday Blitz"]
[Site "Chess.com"]
[Date "2021.03.09"]
[Round "6"]
[White "Vasily85"]
[Black "davidkalashian"]
[Result "1-0"]
[WhiteElo "2431"]
[BlackElo "2577"]
[TimeControl "180+1"]
[EndTime "11:07:30 PST"]
[Termination "Vasily85 won by checkmate"]

1. d4 Nf6 2. Bg5 e6 3. e4 c5 4. d5 h6 5. Bh4 g5 6. Bg3 Nxe4 7. Be5 Rg8 8. Bd3 d6 9. Bxe4 dxe5 10. Nc3 f5 11. Qh5+ Ke7 12. O-O-O fxe4 13. dxe6 Qe8 14. Nd5+ Kd8 15. Nf6+ Ke7 16. Qxe8+ Kxf6 17. Qf7# 1-0

[Event "*** Titled Tuesday Blitz"]
[Site "Chess.com"]
[Date "2021.03.09"]
[Round "6"]
[White "federicosellitti"]
[Black "ShcufNaiRolf"]
[Result "1-0"]
[WhiteElo "2524"]
[BlackElo "2371"]
[TimeControl "180+1"]
[EndTime "11:07:35 PST"]
[Termination "federicosellitti won by checkmate"]

1. e4 e5 2. Nc3 Nf6 3. f4 d5 4.
fxe5 Nxe4 5. Qf3 Nxc3 6. dxc3 Bc5 7. Qg3 O-O 8. Bh6 g6 9. Nf3 Re8 10. O-O-O b5 11. h4 b4 12. h5 bxc3 13. Bd3 Ba3 14. hxg6 fxg6 15. Bxg6 Re7 16. Bxh7+ Kh8 17. Bg8 Bxb2+ 18.
Kb1 Qxg8 19. Bg7# 1-0

[Event "*** Titled Tuesday Blitz"]
[Site "Chess.com"]
[Date "2021.03.09"]
[Round "6"]
[White "AlexeiShirov"]
[Black "Shahaliyev"]
[Result "1-0"]
[WhiteElo "2846"]
[BlackElo "2640"]
[TimeControl "180+1"]
[EndTime "11:07:40 PST"]
[Termination "AlexeiShirov won by resignation"]

1. e4 b6 2. d4 Bb7 3. Bd3 e6 4. Nf3 c5 5. d5 Nf6 6. c4 d6 7. Nc3 Be7 8. O-O exd5 9. cxd5 O-O 10.
Nd2 Ba6 11. Nb5 Bxb5 12. Bxb5 a6 13. Bd3 b5 14. b3 Nfd7 15. f4 Bf6 16. Rb1 Bd4+ 17.
Kh1 g6 18. a4 c4 19. bxc4 Nc5 20. Nf3 Bg7 21. axb5 axb5 22. cxb5 Nbd7 23. Bc2 Nb6 24. Be3 Nba4 25. Bxc5 dxc5 26. Bxa4 1-0

[Event "*** Titled Tuesday Blitz"]
[Site "Chess.com"]
[Date "2021.03.09"]
[Round "6"]
[White "Bigfish1995"]
[Black "GMBenjaminFinegold"]
[Result "1-0"]
[WhiteElo "3077"]
[BlackElo "2622"]
[TimeControl "180+1"]
[EndTime "11:07:40 PST"]
[Termination "Bigfish1995 won by resignation"]

1. e4 c5 2. Nf3 Nc6 3. Bb5 e6 4.
O-O Nge7 5. c3 a6 6. Ba4 b5 7.
Bc2 Bb7 8. Re1 Ng6 9. d4 Be7 10. d5 Nce5 11. Nxe5 Nxe5 12. f4 Ng6 13. d6 Bf8 14. e5 Nh4 15. Be4 Qb6 16. Nd2 O-O-O 17. Qh5 Ng6 18. Bxb7+ Qxb7 19. Ne4 Qc6 20. Ng5 f6 21.
Nf7 fxe5 22. fxe5 1-0

[Event "*** Titled Tuesday Blitz"]
[Site "Chess.com"]
[Date "2021.03.09"]
[Round "6"]
[White "Duhless"]
[Black "hansen"]
[Result "1-0"]
[WhiteElo "3025"]
[BlackElo "2852"]
[TimeControl "180+1"]
[EndTime "11:07:42 PST"]
[Termination "Duhless won by resignation"]

1. d4 Nf6 2. Nf3 g6 3. g3 Bg7 4.
Bg2 O-O 5. O-O d5 6. c3 Bg4 7. Nbd2 c6 8. Ne5 Bf5 9. Qb3 Qb6 10. Re1 Nbd7 11. Nxd7 Nxd7 12. e4 dxe4 13. Nxe4 Rfe8 14. Be3 Bxe4 15. Bxe4 Nf6 16. Bf3 Qc7 17. a4 a5 18.
d5 Nxd5 19. Bxd5 cxd5 20. Qxd5 Red8 21. Qb5 Ra6 22. Rad1 Rad6 23. Rxd6 Rxd6 24. Bf4 e5 25. Qe8+ Bf8 26. Bxe5 1-0

[Event "*** Titled Tuesday Blitz"]
[Site "Chess.com"]
[Date "2021.03.09"]
[Round "6"]
[White "Philosopherrr"]
[Black "KazakhFighter04"]
[Result "1-0"]
[WhiteElo "2535"]
[BlackElo "2744"]
[TimeControl "180+1"]
[EndTime "11:07:45 PST"]
[Termination "Philosopherrr won by resignation"]

1. e4 d5 2. exd5 Qxd5 3. Nc3 Qa5 4. Nf3 Nf6 5. Be2 Nc6 6. O-O Bg4 7. b4 Nxb4 8. Rb1 O-O-O 9. h3 Bh5 10. a3 Nbd5 11. Nxd5 Qxd5 12. c4 Qd6 13. Qb3 b6 14. d4 e5 15. c5 Qe7 16. Ba6+ Kb8 17. Nxe5 Qe6 18.
Qxe6 fxe6 19. Nc6+ 1-0

[Event "*** Titled Tuesday Blitz"]
[Site "Chess.com"]
[Date "2021.03.09"]
[Round "6"]
[White "googlegoom"]
[Black "Anton_Demchenko"]
[Result "0-1"]
[WhiteElo "2477"]
[BlackElo "2869"]
[TimeControl "180+1"]
[EndTime "11:07:45 PST"]
[Termination "Anton_Demchenko won by resignation"]

1. Nf3 Nf6 2. b3 g6 3. Bb2 Bg7 4. e3 O-O 5. d4 d6 6. Be2 b6 7. Nbd2 Bb7 8. O-O Nbd7 9. c4 Re8 10. Qc2 e5 11. dxe5 dxe5 12. Rfd1 Qe7 13. a3 e4 14.
Ne1 Ne5 15. b4 c5 16. b5 h5 17. Nb1 Qe6 18. a4 Rad8 19. Na3 Qf5 20. Rxd8 Rxd8 21. Rd1 Re8 22. Nb1 Nfg4 23. Bf1 Qxf2+ 24. Qxf2 Nxf2 25. Kxf2 Ng4+ 26. Ke2 Bxb2 27. Rd7 Rb8 28.
h3 Ne5 0-1

[Event "*** Titled Tuesday Blitz"]
[Site "Chess.com"]
[Date "2021.03.09"]
[Round "6"]
[White "Lion-Al-Messi"]
[Black "Legendinunknown"]
[Result "0-1"]
[WhiteElo "2482"]
[BlackElo "2632"]
[TimeControl "180+1"]
[EndTime "11:07:46 PST"]
[Termination "Legendinunknown won by resignation"]

1. e4 e5 2. Nf3 Nc6 3. Bb5 a6 4.
Ba4 d6 5. O-O Bg4 6. h3 h5 7. c3 Qf6 8. d4 b5 9. Bb3 Bxf3 10.
Qxf3 Qxf3 11. gxf3 exd4 12. Bd5 Nge7 13. cxd4 Nxd5 14.
exd5 Nxd4 15. Nc3 Nxf3+ 16. Kg2 Nh4+ 17. Kh1 Kd7 18. Bg5 Nf3 19. Bf4 g5 20. Bg3 Bg7 21.
Rad1 Rae8 22. Rd3 g4 23. Nd1 f5 24. Ne3 Ref8 25. Ng2 Bh6 26. Bf4 Ne5 27. Rdd1 gxh3 28. Nh4 Bxf4 29. Rg1 Rhg8 30. Rxg8 Rxg8 31. Ng6 0-1

[Event "*** Titled Tuesday Blitz"]
[Site "Chess.com"]
[Date "2021.03.09"]
[Round "6"]
[White "NateSolon"]
[Black "Tactictic"]
[Result "1-0"]
[WhiteElo "2605"]
[BlackElo "2427"]
[TimeControl "180+1"]
[EndTime "11:07:46 PST"]
[Termination "NateSolon won by checkmate"]

1. d4 Nf6 2. c4 e6 3. Nf3 d5 4. g3 Bb4+ 5. Nbd2 O-O 6. Bg2 dxc4 7. O-O b5 8. a4 c6 9. Ne1 Qxd4 10. axb5 Nd5 11. Nc2 Qc5 12. bxc6 Nxc6 13. Ne4 Qb6 14. Ne3 Nxe3 15. Bxe3 Qb5 16. Qc2 Bb7 17. Ng5 Qf5 18.
Be4 Qg4 19. Bxc6 Bxc6 20. Qxh7# 1-0

[Event "*** Titled Tuesday Blitz"]
[Site "Chess.com"]
[Date "2021.03.09"]
[Round "6"]
[White "Evachess2006"]
[Black "miredenizdogan"]
[Result "0-1"]
[WhiteElo "1588"]
[BlackElo "2254"]
[TimeControl "180+1"]
[EndTime "11:07:49 PST"]
[Termination "miredenizdogan won on time"]

1. e4 e6 2. d4 d5 3. exd5 exd5 4. Bd3 Nc6 5. Ne2 Bd6 6. O-O Qh4 7. Ng3 Nge7 8. c3 O-O 9. Nd2 Bg4 10. Nf3 Qf6 11. Bg5 Qe6 12. Bxe7 Nxe7 13. Re1 Qf6 14. Qe2 Rae8 0-1

[Event "*** Titled Tuesday Blitz"]
[Site "Chess.com"]
[Date "2021.03.09"]
[Round "6"]
[White "KacperPolOK"]
[Black "poneis_malditos"]
[Result "1-0"]
[WhiteElo "2512"]
[BlackElo "2333"]
[TimeControl "180+1"]
[EndTime "11:07:54 PST"]
[Termination "KacperPolOK won by checkmate"]

1. e4 c5 2. Nc3 a6 3. g3 b5 4. Bg2 Bb7 5. d3 e6 6. Nf3 d6 7. O-O Ne7 8. Be3 g6 9. d4 Nd7 10.
dxc5 dxc5 11. e5 Qc7 12. Bf4 Bg7 13. Qe2 Nd5 14. Nxd5 Bxd5 15. Rad1 Bc4 16. Qe4 Bd5 17. Qe3 h6 18. Rxd5 exd5 19. e6 Qc6 20. exd7+ Kxd7 21. Ne5+ Bxe5 22. Qxe5 Rae8 23. Bxd5 Qb6 24.
Qg7 Rhf8 25. Rd1 Kc8 26. Bxf7 Rd8 27. Rxd8+ Rxd8 28. Be6+ Qxe6 29. Qc7# 1-0

[Event "*** Titled Tuesday Blitz"]
[Site "Chess.com"]
[Date "2021.03.09"]
[Round "6"]
[White "kirillshevchenko"]
[Black "Fandorin779"]
[Result "1-0"]
[WhiteElo "2828"]
[BlackElo "2520"]
[TimeControl "180+1"]
[EndTime "11:07:56 PST"]
[Termination "kirillshevchenko won by resignation"]

1. e4 Nf6 2. d3 e5 3. f4 exf4 4.
Bxf4 d5 5. e5 Nfd7 6. Nf3 Nc5 7.
d4 Ne6 8. Be3 c5 9. c3 Nc6 10. Bd3 Qb6 11. Qd2 cxd4 12. cxd4 Nb4 13. Be2 Bd7 14. Nc3 Qa5 15. O-O Be7 16. a3 Nc6 17. b4 Qd8 18. Nxd5 O-O 19. b5 Nb8 20. Nxe7+ Qxe7 21. d5 Nd8 22. Rac1 Qxa3 23. Bc5 1-0

[Event "*** Titled Tuesday Blitz"]
[Site "Chess.com"]
[Date "2021.03.09"]
[Round "6"]
[White "Chernov_Mikhail"]
[Black "MatyChess1"]
[Result "0-1"]
[WhiteElo "2398"]
[BlackElo "2586"]
[TimeControl "180+1"]
[EndTime "11:07:59 PST"]
[Termination "MatyChess1 won by resignation"]

1. e4 c5 2. Nf3 d6 3. d4 cxd4 4. Nxd4 Nf6 5. Nc3 a6 6. Bc4 e6 7. Bb3 b5 8. Bg5 Be7 9. Qf3 Qc7 10. e5 Bb7 11. exd6 Bxd6 12. Qe3 Bc5 13. O-O-O Nc6 14. Bxf6 gxf6 15. Nd5 Qe5 16. Qxe5 fxe5 17. Nxc6 Bxc6 18. Nc7+ Ke7 19. Nxa8 Rxa8 20. f3 Rg8 21. Rhe1 Rxg2 22. Rxe5 Bd6 23. Rh5 Bxf3 24. Rxh7 Bf4+ 0-1

[Event "*** Titled Tuesday Blitz"]
[Site "Chess.com"]
[Date "2021.03.09"]
[Round "6"]
[White "Ziyamammadov"]
[Black "LEGENYA1998"]
[Result "0-1"]
[WhiteElo "1789"]
[BlackElo "2256"]
[TimeControl "180+1"]
[EndTime "11:08:10 PST"]
[Termination "LEGENYA1998 won by resignation"]

1. e4 c5 2. Nf3 d6 3. d4 cxd4 4. Nxd4 Nf6 5. Nc3 a6 6. f3 e5 7. Nb3 b5 8. Bg5 Nbd7 9. Nd5 Be7 10. Qd2 Nxd5 11. Qxd5 Rb8 12. Bxe7 Qxe7 13. Na5 Nf6 14. Qc6+ Qd7 15. Qxd7+ Bxd7 16. O-O-O Ke7 17. g4 Rhc8 18. Nb3 Be6 19. g5 Nd7 20. h4 Bxb3 21. axb3 Nc5 22.
b4 Nb3+ 23. Kb1 Nd4 24. Bh3 Rc7 25. f4 Ne2 26. fxe5 dxe5 27. Rd5 f6 28. gxf6+ gxf6 29. Rg1 Nxg1 0-1

[Event "*** Titled Tuesday Blitz"]
[Site "Chess.com"]
[Date "2021.03.09"]
[Round "6"]
[White "erdni1993"]
[Black "krzyzan94"]
[Result "1-0"]
[WhiteElo "2523"]
[BlackElo "2706"]
[TimeControl "180+1"]
[EndTime "11:08:13 PST"]
[Termination "erdni1993 won by checkmate"]

1. e4 b6 2. d4 Bb7 3. Nc3 g6 4. Be3 Bg7 5. Qd2 h6 6. O-O-O e6 7. f3 Ne7 8. g4 a6 9. h4 b5 10. h5 g5 11. Kb1 d6 12. Bg2 Nd7 13. f4 Nb6 14. fxg5 Nc4 15. Qe2 hxg5 16. Bxg5 Qd7 17. h6 Bf8 18. h7 Bg7 19. e5 Bxg2 20. Qxg2 d5 21. Nf3 b4 22. Ne2 Rb8 23. Nd2 Qc6 24. Nxc4 Qxc4 25. Ng3 Ng6 26. Nh5 Rxh7 27. Bf6 Bf8 28.
Qf1 c5 29. Qxc4 dxc4 30. d5 exd5 31. Rxd5 Nf4 32. Rd2 Be7 33. Ng7+ Rxg7 34. Rh8+ Bf8 35. Bxg7 Ng6 36. Rg8 Ke7 37. Bf6+ Ke6 38. Kc1 c3 39. Rd3 Bh6+ 40. Kb1 Rxg8 41. Rd6# 1-0

[Event "*** Titled Tuesday Blitz"]
[Site "Chess.com"]
[Date "2021.03.09"]
[Round "6"]
[White "Nikolakis2014"]
[Black "Pogosian_Manvel"]
[Result "1-0"]
[WhiteElo "2602"]
[BlackElo "2416"]
[TimeControl "180+1"]
[EndTime "11:08:15 PST"]
[Termination "Nikolakis2014 won by resignation"]

1. Nf3 d5 2. d4 c6 3. c4 Nf6 4.
Nc3 e6 5. Bg5 Nbd7 6. e3 h6 7.
Bh4 Bb4 8. cxd5 exd5 9. Bd3 g5 10. Bg3 Ne4 11. O-O Nxg3 12. fxg3 Qe7 13. Kh1 b6 14. Qc2 Bb7 15. Rae1 c5 16. Bb5 a6 17.
Bxd7+ Qxd7 18. Ne5 Qe6 19. Rxf7 O-O-O 20. Ref1 Rhe8 21.
R1f6 cxd4 22. exd4 1-0

[Event "*** Titled Tuesday Blitz"]
[Site "Chess.com"]
[Date "2021.03.09"]
[Round "6"]
[White "Vanina1989"]
[Black "Rakesh"]
[Result "1-0"]
[WhiteElo "2746"]
[BlackElo "2516"]
[TimeControl "180+1"]
[EndTime "11:08:18 PST"]
[Termination "Vanina1989 won by resignation"]

1. d4 Nf6 2. c4 e5 3. dxe5 Ng4 4.
e4 Nxe5 5. f4 Nec6 6. Nf3 Bc5 7.
a3 a5 8. Nc3 O-O 9. Bd3 d6 10.
Bd2 Nd7 11. Qc2 Nf6 12. O-O-O Re8 13. e5 dxe5 14. fxe5 Nxe5 15. Nxe5 Rxe5 16. Bf4 Qe7 17.
Bxe5 Qxe5 18. Rhe1 Qg5+ 19. Qd2 Qh5 20. Ne4 Nxe4 21.
Rxe4 Be6 22. g3 Rd8 23. Rxe6 fxe6 24. Bxh7+ Kxh7 25. Qxd8 Qxh2 26. Qd3+ Kh6 27. Qe4 Qxg3 28. Qxe6+ g6 29. Rh1+ Kg5 30. Qd5+ Kf6 31. Rf1+ Kg7 32.
Qxc5 Qg5+ 33. Qxg5 1-0

[Event "*** Titled Tuesday Blitz"]
[Site "Chess.com"]
[Date "2021.03.09"]
[Round "6"]
[White "fm_magua"]
[Black "BillieKimbah"]
[Result "0-1"]
[WhiteElo "2588"]
[BlackElo "2865"]
[TimeControl "180+1"]
[EndTime "11:08:21 PST"]
[Termination "BillieKimbah won by resignation"]

1. e4 c5 2. Nf3 Nc6 3. d4 cxd4 4. Nxd4 Qc7 5. Nc3 e6 6. Be2 Nf6 7. O-O Be7 8. Be3 O-O 9. f4 d6 10. Qe1 a6 11. Qg3 Nxd4 12. Bxd4 b5 13. e5 dxe5 14. fxe5 Bc5 15. Bxc5 Qxc5+ 16. Kh1 Nd7 17. Bf3 Ra7 18. Rae1 Bb7 19. Bxb7 Rxb7 20. Ne4 Qxc2 21. Rf2 Qc7 22. Qg5 h6 23. Qg3 Rbb8 24. Rf4 Rbd8 25. Rg4 Qxe5 26. Qh4 f5 27. Nc3 fxg4 0-1

[Event "*** Titled Tuesday Blitz"]
[Site "Chess.com"]
[Date "2021.03.09"]
[Round "6"]
[White "Dyadya81"]
[Black "ValeriyGrinev"]
[Result "1-0"]
[WhiteElo "2732"]
[BlackElo "2565"]
[TimeControl "180+1"]
[EndTime "11:08:21 PST"]
[Termination "Dyadya81 won by resignation"]

1. e4 c5 2. Nc3 a6 3. f4 b5 4. Nf3 Bb7 5. d4 cxd4 6. Qxd4 Nc6 7. Qf2 e6 8. Be3 Nf6 9. Bb6 Qc8 10. e5 Ng4 11.
Qd2 Nb4 12. O-O-O Bxf3 13. gxf3 Nh6 14. a3 Nc6 15. Ne4 Nf5 16. Bh3 Qb7 17. Bxf5 exf5 18. Nc5 Bxc5 19. Bxc5 Rd8 20. Rhg1 g6 21. Qd6 Qb8 22.
Qf6 Rg8 23. Rd6 Qc7 24. Rgd1 Rc8 25. Rxd7 Qxd7 26. Rxd7 Kxd7 27. Qxf7+ 1-0

[Event "*** Titled Tuesday Blitz"]
[Site "Chess.com"]
[Date "2021.03.09"]
[Round "6"]
[White "starplatinum2030"]
[Black "NovikovaGalina"]
[Result "0-1"]
[WhiteElo "2198"]
[BlackElo "2411"]
[TimeControl "180+1"]
[EndTime "11:08:21 PST"]
[Termination "NovikovaGalina won by resignation"]

1. d4 d5 2. Nf3 Nc6 3. Bf4 Bf5 4.
e3 e6 5. Bb5 Bd6 6. Ne5 Ne7 7.
c4 dxc4 8. Bxc6+ Nxc6 9. Nxc6 bxc6 10. Bg3 O-O 11. O-O Rb8 12. Qc1 c5 13. dxc5 Bxg3 14. hxg3 Bd3 15. Rd1 Qd5 16. Na3 Rfd8 17. Qc3 Qxc5 18.
Rac1 h6 19. Nxc4 Bxc4 20. Rxd8+ Rxd8 21. Qxc4 Rd1+ 22. Rxd1 Qxc4 23. Rd8+ Kh7 24. Rd1 0-1

[Event "*** Titled Tuesday Blitz"]
[Site "Chess.com"]
[Date "2021.03.09"]
[Round "6"]
[White "FormerProdigy"]
[Black "axvesik"]
[Result "1-0"]
[WhiteElo "2832"]
[BlackElo "2525"]
[TimeControl "180+1"]
[EndTime "11:08:22 PST"]
[Termination "FormerProdigy won by resignation"]

1. d4 Nf6 2. c4 e6 3. Nc3 Bb4 4. e3 O-O 5. Bd3 d5 6. cxd5 exd5 7. Ne2 c5 8. a3 Bxc3+ 9. bxc3 c4 10. Bc2 Nc6 11. f3 Re8 12. O-O Bd7 13. Ng3 Na5 14.
e4 dxe4 15. fxe4 Bg4 16. Qe1 Qd7 17. h3 Bh5 18. Rxf6 gxf6 19. Nxh5 1-0

[Event "*** Titled Tuesday Blitz"]
[Site "Chess.com"]
[Date "2021.03.09"]
[Round "6"]
[White "Hikaru"]
[Black "Elshan1985"]
[Result "1-0"]
[WhiteElo "3170"]
[BlackElo "2885"]
[TimeControl "180+1"]
[EndTime "11:08:24 PST"]
[Termination "Hikaru won by resignation"]

1. Nf3 d5 2. e3 g6 3. c4 e6 4. d4 Bg7 5. Nc3 Ne7 6. cxd5 exd5 7. g3 O-O 8. Bg2 c6 9. O-O a5 10. Ne1 Na6 11. a3 Be6 12. Nd3 Nf5 13. Bd2 Nd6 14. b3 Bf5 15. Be1 Re8 16. Rc1 Ne4 17. Nxe4 Bxe4 18.
Bh3 Bf8 19. Ra1 Qg5 20. Ne5 Nc7 21. Bd2 Qh6 22. Bd7 Re7 23. f3 Rxd7 24. Nxd7 Bd3 25. Rf2 Qh3 26. Nxf8 Rxf8 27. Bxa5 Ne6 28. Qxd3 1-0

[Event "*** Titled Tuesday Blitz"]
[Site "Chess.com"]
[Date "2021.03.09"]
[Round "6"]
[White "GOGIEFF"]
[Black "BeanScreen"]
[Result "1-0"]
[WhiteElo "2880"]
[BlackElo "2680"]
[TimeControl "180+1"]
[EndTime "11:08:28 PST"]
[Termination "GOGIEFF won by resignation"]

1. d4 d5 2. c4 dxc4 3. e4 c5 4. d5 e6 5. Bxc4 exd5 6. Bxd5 Bd6 7.
e5 Bc7 8. Qb3 Qe7 9. Nf3 Nc6 10.
O-O Nb4 11. Bg5 Qd7 12. Nc3 Nxd5 13. Nxd5 Qc6 14. Nd4 Qd7 15. Nb5 Bd8 16. Bxd8 Qxd8 17.
Ndc7+ Kf8 18. Rad1 Qe7 19. Nxa8 Be6 20. Qa3 b6 21. Nxb6 Nh6 22. Nd5 Bxd5 23. Rxd5 1-0

[Event "*** Titled Tuesday Blitz"]
[Site "Chess.com"]
[Date "2021.03.09"]
[Round "6"]
[White "bakki78"]
[Black "Trankuilizer"]
[Result "1-0"]
[WhiteElo "2779"]
[BlackElo "2581"]
[TimeControl "180+1"]
[EndTime "11:08:28 PST"]
[Termination "bakki78 won by resignation"]

1. e4 d6 2. d4 Nf6 3. Nc3 g6 4. f4 Bg7 5. Bd3 O-O 6. e5 dxe5 7. dxe5 Nd5 8. Nxd5 Qxd5 9. Qe2 Nc6 10. Nf3 Bg4 11. Be4 Qc5 12. c3 e6 13. Be3 Qe7 14. O-O-O Rfd8 15. h3 Bf5 16. Bxc6 bxc6 17. Bf2 Rd5 18. g4 Ra5 19. gxf5 exf5 20. Qc4 Rb8 21. Nd4 1-0

[Event "*** Titled Tuesday Blitz"]
[Site "Chess.com"]
[Date "2021.03.09"]
[Round "6"]
[White "rachidhuilda"]
[Black "FMOlexandrProhorov"]
[Result "1-0"]
[WhiteElo "2282"]
[BlackElo "2105"]
[TimeControl "180+1"]
[EndTime "11:08:28 PST"]
[Termination "rachidhuilda won by resignation"]

1. d4 Nf6 2. Bg5 c5 3. d5 Qb6 4. Nc3 Qxb2 5. Bd2 Qb6 6. e4 d6 7. f4 Bg4 8. Be2 Bxe2 9. Qxe2 Qd8 10. Rb1 b6 11. e5 dxe5 12. fxe5 Nxd5 13. Qb5+ Nd7 14.
Nxd5 e6 15. Nc3 Be7 16. Nf3 O-O 17. Qe2 a6 18. O-O b5 19. Rbe1 Qc7 20. Bg5 Nb6 21.
Bxe7 Qxe7 22. Ne4 Nc4 23. Rd1 h6 24. Nd6 Ra7 25. Nxc4 1-0

[Event "*** Titled Tuesday Blitz"]
[Site "Chess.com"]
[Date "2021.03.09"]
[Round "6"]
[White "Nozdrachev_Leonid"]
[Black "barbara25"]
[Result "1/2-1/2"]
[WhiteElo "2530"]
[BlackElo "2291"]
[TimeControl "180+1"]
[EndTime "11:08:33 PST"]
[Termination "Game drawn by repetition"]

1. e4 c5 2. c3 d5 3. exd5 Qxd5 4. d4 cxd4 5. cxd4 e6 6. Nf3 Nf6 7. Bd3 Bb4+ 8. Bd2 Bxd2+ 9. Qxd2 O-O 10. Nc3 Qd8 11.
O-O b6 12. Rad1 Ba6 13. Qf4 Bxd3 14. Rxd3 Nc6 15. Ne5 Ne7 16. Rh3 Ng6 17. Nxg6 fxg6 18. Qe5 Qd7 19. Re3 Rae8 20. h3 Nd5 21. Nxd5 exd5 22. Qg5 Rxe3 23. fxe3 Rxf1+ 24. Kxf1 Qf5+ 25. Qf4 Qb1+ 26. Kf2 Qxb2+ 27. Kg3 Qxa2 28. Qb8+ Kf7 29. Qc7+ Kf8 30. Qd6+ Kf7 31. Qd7+ Kf8 32. Qd6+ Kf7 33. e4 dxe4 34. d5 e3 35. Qd7+ Kf8 36. Qd6+ Kf7 37.
Qe6+ Kf8 38. Qc8+ Kf7 39. Qe6+ Kf8 40. Qc8+ Kf7 41. Qe6+ 1/2-1/2

[Event "*** Titled Tuesday Blitz"]
[Site "Chess.com"]
[Date "2021.03.09"]
[Round "6"]
[White "AttackSparrow"]
[Black "Sagar_Raina"]
[Result "1-0"]
[WhiteElo "2536"]
[BlackElo "2283"]
[TimeControl "180+1"]
[EndTime "11:08:35 PST"]
[Termination "AttackSparrow won on time"]

1. e4 c6 2. d4 d5 3. exd5 cxd5 4. c4 Nf6 5. Nc3 Nc6 6. Bg5 Ne4 7. Nf3 Nxg5 8.
Nxg5 e6 9. Nf3 Bb4 10. cxd5 Qxd5 11. Bd3 O-O 12. O-O Qh5 13. a3 Bd6 14. h3 b6 15. Be4 Bb7 16. d5 exd5 17. Qxd5 Qh6 18. Rad1 Rad8 19. Qg5 1-0

[Event "*** Titled Tuesday Blitz"]
[Site "Chess.com"]
[Date "2021.03.09"]
[Round "6"]
[White "HackingKid98"]
[Black "Kale36"]
[Result "1-0"]
[WhiteElo "2459"]
[BlackElo "2311"]
[TimeControl "180+1"]
[EndTime "11:08:41 PST"]
[Termination "HackingKid98 won by resignation"]

1. c4 Nc6 2. d4 e5 3. dxe5 Nxe5 4. e3 Bb4+ 5. Bd2 Qe7 6. Bxb4 Qxb4+ 7. Qd2 a5 8. b3 Nf6 9. Nc3 O-O 10. Nf3 Nxf3+ 11.
gxf3 b6 12. Bg2 Bb7 13. O-O d5 14. f4 Rad8 15. Rad1 c6 16. cxd5 cxd5 17. Ne2 Qxd2 18. Rxd2 Ne4 19. Bxe4 dxe4 20. Rfd1 Rc8 21. Rd6 Rc6 22.
Rxc6 Bxc6 23. Rd6 Bb5 24. Nd4 Bd3 25. Rxb6 a4 26. bxa4 Ra8 27. f5 h5 28. Rb4 Rc8 29. Kg2 Rc2 30. Nxc2 1-0

[Event "*** Titled Tuesday Blitz"]
[Site "Chess.com"]
[Date "2021.03.09"]
[Round "6"]
[White "Chesspirate_Channel"]
[Black "eldur16"]
[Result "1-0"]
[WhiteElo "2412"]
[BlackElo "2556"]
[TimeControl "180+1"]
[EndTime "11:08:45 PST"]
[Termination "Chesspirate_Channel won by resignation"]

1. d4 d6 2. Nc3 g6 3. e4 Bg7 4.
Nf3 a6 5. Bd3 b5 6. e5 Bb7 7.
Bf4 Nd7 8. Qe2 dxe5 9. dxe5 Nc5 10. O-O-O Qc8 11. Be4 Nxe4 12. Nxe4 Nh6 13. Nf6+ Kf8 14.
Nd7+ Kg8 15. e6 f5 16. Kb1 Ng4 17. Rhe1 h6 18. Nfe5 Nxe5 19. Bxe5 Kh7 20. Bxg7 Kxg7 21. Qe5+ Kh7 22. Nf6+ exf6 23. Qxf6 Rd8 24. Qf7+ Kh8 25.
Rd7 Rxd7 26. exd7 Qg8 27. Re8 Bc6 28. Qf6+ Kh7 29. Re7+ 1-0

[Event "*** Titled Tuesday Blitz"]
[Site "Chess.com"]
[Date "2021.03.09"]
[Round "6"]
[White "thisunaa"]
[Black "kubal123"]
[Result "0-1"]
[WhiteElo "1989"]
[BlackElo "2266"]
[TimeControl "180+1"]
[EndTime "11:08:48 PST"]
[Termination "kubal123 won by checkmate"]

1. e4 e6 2. d4 d5 3. Nc3 dxe4 4. Nxe4 Nd7 5. Nf3 Ngf6 6. Bd3 Be7 7. O-O O-O 8. Qe2 b6 9. c3 Bb7 10. Nxf6+ Nxf6 11. Bg5 h6 12. Bxf6 Bxf6 13. Be4 Bxe4 14.
Qxe4 Qd5 15. Qe2 Rac8 16. c4 Qf5 17. Rad1 Rfd8 18. Rfe1 g6 19. Rd2 c6 20. Red1 Rd7 21. b3 Rcd8 22. h3 h5 23. Qe3 Kg7 24. a4 a5 25. Kh1 g5 26. d5 cxd5 27. cxd5 Rxd5 28. Rxd5 Rxd5 29. Rxd5 Qxd5 30. Qxb6 g4 31. hxg4 hxg4 32. Ng1 Qh5+ 33. Nh3 gxh3 34. g3 Qf3+ 35. Kh2 Qg2# 0-1